 Dungeon Sprint DCSS version 0.26-a0-244-g083ca260ac (webtiles) character file.

Game seed: 6991922685156029152

531 MordorOrchid the Frost Mage (level 7, -7/67 HPs)
             Began as a Troll Ice Elementalist on July 8, 2020.
             Was a Believer of Sif Muna.
             Shot with an arrow by a centaur warrior (14 damage)
             ... in the Dungeon (Sprint IX: "|||||||||||||||||||||||||||||").
             The game lasted 00:05:07 (325 turns).

MordorOrchid the Frost Mage (Troll Ice Elementalist) Turns: 325, Time: 00:05:07

Health: -7/67      AC:  6    Str: 17    XL:     7   Next: 3%
Magic:  0/11       EV: 14    Int: 16    God:    Sif Muna [**....]
Gold:   0          SH:  0    Dex: 10    Spells: 2/13 levels left

rFire    . . .     SeeInvis .   n - +2 rapier (distort)
rCold    . . .     Faith    .   (no shield)
rNeg     . . .     Spirit   .   a - +0 robe
rPois    .         Reflect  .   (helmet restricted)
rElec    .         Harm     .   (no cloak)
rCorr    .         NoTele   +   (gloves unavailable)
MR       .....                  (boots unavailable)
Stlth    +.........             (no amulet)
HPRegen  0.61/turn              o - +3 ring of intelligence
MPRegen  0.12/turn              p - +2 ring of evasion

@: no status effects
A: large, unfitting armour, claws 3, fast metabolism 1, regeneration 1, shaggy
fur 1, tough skin 3
a: Channel Magic, Renounce Religion


You were in the Dungeon.
You worshipped Sif Muna.
Sif Muna was pleased with you.
You were not hungry.

You visited 1 branch

Inventory:

Hand Weapons
 l - a +2 halberd of venom
 m - a +2 morningstar of protection
 n - a +2 rapier of distortion (weapon)
Armour
 a - a +0 robe (worn)
Magical Staves
 k - an uncursed staff of energy
Jewellery
 o - a +3 ring of intelligence (left claw)
 p - a +2 ring of evasion (right claw)
Wands
 j - a wand of iceblast (10)
Scrolls
 f - 3 scrolls of remove curse
 h - 2 scrolls of amnesia
 i - 2 scrolls of blinking
Potions
 d - 5 potions of curing
 e - 2 potions of heal wounds
 g - 4 potions of magic
Comestibles
 c - 2 rations


   Skills:
 - Level 3.1 Fighting
 * Level 5.9 Dodging
 - Level 1.0 Stealth
 - Level 2.4 Unarmed Combat
 * Level 3.7 Spellcasting
 - Level 2.0 Charms
 * Level 1.0 Summonings
 - Level 8.0 Ice Magic
 * Level 3.1 Evocations


You had 2 spell levels left.
You knew the following spells:

 Your Spells              Type           Power        Failure   Level
a - Freeze                Ice            ####         1%          1
b - Frozen Ramparts       Ice            ####..       1%          3
s - Summon Ice Beast      Ice/Summ       ###.....     26%         4
y - Ozocubu's Armour      Chrm/Ice       ###.....     7%          3

Your spell library contained the following spells:

 Spells                   Type           Power        Failure   Level
 Hailstorm                Conj/Ice       ###.....     32%         4


Dungeon Overview and Level Annotations

Branches:
Dungeon (1/1)

Altars:
Cheibriados
Dithmenos
Elyvilon
Fedhas
Gozag
Hepliaklqana
Kikubaaqudgha
Makhleb
Nemelex Xobeh
Okawaru
Qazlal
Ru
Sif Muna
Trog
Uskayaw
Vehumet
Wu Jian
Xom
Yredelemnul
Zin
The Shining One
Beogh
Jiyva
Lugonu


Innate Abilities, Weirdness & Mutations

You are too large for most types of armour.
You have claws for hands.
You have a fast metabolism.
Your natural rate of healing is unusually fast.
You are covered in fur. (AC +1)
You have extremely tough skin. (AC +3)


Message History

You feel your power leaking away.
You puncture the centaur warrior!
Space warps horribly around the centaur warrior!
The centaur warrior is severely wounded.
The centaur warrior hits you. The centaur warrior misses you.
You hit the centaur warrior.
Space warps horribly around the centaur warrior.
The centaur warrior is severely wounded.
The centaur warrior hits you! The centaur warrior closely misses you.
Unknown command.
You hit the centaur warrior.
The centaur warrior is almost dead.
The centaur warrior blinks!
The eye of draining gazes at you.
You feel your power leaking away.
The centaur warrior wields a +0 shortbow.
The centaur warrior shoots an arrow.
The arrow hits you!
* * * LOW HITPOINT WARNING * * *
The centaur warrior shoots an arrow.
The arrow hits you!
You die... ▓▓▓▓▓▓▓▓▓▓▓▓▓▓▓▓▓▓▓▓▓▓▓▓▓▓ +...zcJG(@..c(†.†[[[)...'_ ▓▓▓▓▓▓▓▓▓▓▓▓▓▓▓▓▓▓▓▓▓▓▓▓▓▓

You could see a slime creature, a centaur warrior, an eye of draining, a centaur and a wight.

Vanquished Creatures
  A water moccasin (D)
  A sky beast (D)
  2 scorpions (D)
  A killer bee (D)
  A jelly (D)
  A hound (D)
  An orc wizard (D)
  An orc (D)
  A bat zombie (D)
  A giant cockroach (D)
  3 goblins (D)
  A hobgoblin (D)
  A giant cockroach zombie (D)
16 creatures vanquished.

Vanquished Creatures (others)
  An ice beast (D)
1 creature vanquished.

Grand Total: 17 creatures vanquished

Notes
Turn   | Place    | Note
-------+----------+-------------------------------------------
     0 | D        | MordorOrchid the Troll Ice Elementalist began the quest for
                  | the Orb.
     0 | D        | Reached XP level 1. HP: 16/16 MP: 1/1
     6 | D        | Reached skill level 1 in Fighting
    30 | D        | Noticed an orc wizard
    30 | D        | Noticed a scorpion
    30 | D        | Noticed a scorpion
    32 | D        | Reached skill level 3 in Ice Magic
    36 | D        | Killed an orc wizard
    36 | D        | Reached skill level 1 in Unarmed Combat
    36 | D        | Reached XP level 2. HP: 29/29 MP: 1/3
    36 | D        | Reached XP level 3. HP: 36/36 MP: 1/4
    42 | D        | Killed a scorpion
    42 | D        | Reached skill level 4 in Ice Magic
    42 | D        | Reached XP level 4. HP: 32/45 MP: 1/6
    49 | D        | Learned a level 3 spell: Frozen Ramparts
    71 | D        | Reached skill level 5 in Ice Magic
    84 | D        | Found a roughly hewn altar of Beogh.
    84 | D        | Found a snail-covered altar of Cheibriados.
    84 | D        | Found a shadowy altar of Dithmenos.
    84 | D        | Found a white marble altar of Elyvilon.
    84 | D        | Found a blossoming altar of Fedhas.
    84 | D        | Found an opulent altar of Gozag.
    85 | D        | Found a hazy altar of Hepliaklqana.
    86 | D        | Found a viscous altar of Jiyva.
    87 | D        | Found an ancient bone altar of Kikubaaqudgha.
    88 | D        | Found a corrupted altar of Lugonu.
    89 | D        | Found a burning altar of Makhleb.
    90 | D        | Found a sparkling altar of Nemelex Xobeh.
    91 | D        | Found an iron altar of Okawaru.
    92 | D        | Found a stormy altar of Qazlal.
    93 | D        | Found a sacrificial altar of Ru.
    94 | D        | Found a shimmering blue altar of Sif Muna.
    95 | D        | Found a bloodstained altar of Trog.
    96 | D        | Found a hide-covered altar of Uskayaw.
    97 | D        | Found a radiant altar of Vehumet.
    98 | D        | Found an ornate altar of the Wu Jian Council.
    99 | D        | Found a shimmering altar of Xom.
   100 | D        | Found a basalt altar of Yredelemnul.
   101 | D        | Found a glowing silver altar of Zin.
   102 | D        | Became a worshipper of Sif Muna the Loreminder
   103 | D        | Found a glowing golden altar of the Shining One.
   135 | D        | Learned a level 3 spell: Ozocubu's Armour
   152 | D        | Noticed an ice beast
   152 | D        | Noticed a sky beast
   152 | D        | Noticed a water moccasin
   156 | D        | Reached skill level 6 in Ice Magic
   156 | D        | Reached XP level 5. HP: 49/53 MP: 3/7
   161 | D        | Killed a water moccasin
   161 | D        | Reached skill level 1 in Charms
   161 | D        | Reached skill level 1 in Evocations
   161 | D        | Reached XP level 6. HP: 60/61 MP: 1/9
   168 | D        | Reached * piety under Sif Muna
   168 | D        | Reached skill level 5 in Dodging
   168 | D        | Reached skill level 7 in Ice Magic
   181 | D        | Killed a sky beast
   212 | D        | Learned a level 4 spell: Summon Ice Beast
   271 | D        | Banished an ice beast
   312 | D        | Noticed a slime creature
   312 | D        | Noticed a centaur warrior
   317 | D        | Reached ** piety under Sif Muna
   317 | D        | Reached skill level 1 in Summonings
   317 | D        | Reached skill level 8 in Ice Magic
   317 | D        | Reached XP level 7. HP: 37/67 MP: 0/11
   325 | D        | Shot with an arrow by a centaur warrior

Illustrated notes

Levels and vault maps discovered:
D:        linesprint [early_d, line_temple, items_1, d_10, items_2, lair_1,
          lair_end, items_3, orc_1, orc_end, items_4, d_15, swamp_1, shoals_1,
          snake_1, spider_1, d_20, vaults_1, items_5, swamp_end, shoals_end,
          snake_end, spider_end, vaults_end, d_27, items_6, zot_1, zot_end,
          crypt_end, forest_end, elf_end, slime_end, tomb_end, abyss_end,
          pan_hell_end]

Skill      XL: |  1  2  3  4  5  6 |
---------------+-------------------+-----
Fighting       | 2 3 |  3.1
Dodging        | 3 4 5 |  5.9
Ice Magic      | 3 4 6 8 |  8.0
Unarmed Combat | 1 2 |  2.4
Spellcasting   | 2 3 |  3.7
Charms         | 1 2 |  2.0
Evocations     | 1 3 |  3.1
Summonings     | 1 |  1.0
Stealth        | |  1.0

Action                   |  1- 3 |  4- 6 |  7- 9 || total
-------------------------+-------+-------+-------++-------
Melee: Unarmed           |    20 |     7 |       ||    27
       Rapier            |       |    25 |     5 ||    30
 Cast: Freeze            |     1 |     1 |       ||     2
       Frozen Ramparts   |       |     4 |       ||     4
       Summon Ice Beast  |       |     1 |       ||     1
  Use: Potion            |     2 |     1 |     1 ||     4
 Stab: Sleeping          |     1 |       |       ||     1
Armor: Robe              |     1 |     8 |       ||     9
Dodge: Dodged            |     7 |    33 |     4 ||    44

Table legend:
 A = Non-vault XP
 B = Vault XP
 C = Vault XP percentage of total XP
 D = Non-vault monster count
 E = Vault monster count
 F = Vault count percentage of total count
                 A         B        C        D         E       F
            +---------+---------+-------+---------+---------+-------
      Total |       0 |     759 | 100.0 |       0 |      17 | 100.0
            +---------+---------+-------+---------+---------+-------
          D |       0 |     759 | 100.0 |       0 |      17 | 100.0
            +---------+---------+-------+---------+---------+-------
